 Dungeon Crawl Stone Soup version 0.30.1-4-g462c640d31 (webtiles) character file.

Game seed: 241937754722605885

53 spardeous the Conjurer (level 3, -2/26 HPs)
             Began as a Demigod Conjurer on Aug 14, 2023.
             Slain by an orc
             ... wielding a +0 short sword
              (6 damage)
             ... on level 3 of the Dungeon.
             The game lasted 00:01:35 (2502 turns).

spardeous the Conjurer (Demigod Conjurer)           Turns: 2502, Time: 00:01:36

Health: -2/26      AC:  6    Str:  8    XL:     3   Next: 42%
Magic:  5/9        EV: 10    Int: 24    God:
Gold:   146        SH:  0    Dex: 12    Spells: 4/7 levels left

rFire   . . .        (no weapon)
rCold   . . .        (no shield)
rNeg    . . .        l - +0 ring mail
rPois   .            d - +0 helmet
rElec   .            (no cloak)
rCorr   .            (no gloves)
SInv    .            (no boots)
Will    .....        (no amulet)
Stlth   +            (no ring)
HPRegen 0.24/turn    (no ring)
MPRegen 0.11/turn

%: no passive effects
@: no status effects
A: high MP 1, forlorn, divine attributes
a: no special abilities


You were on level 3 of the Dungeon.
You visited 1 branch of the dungeon, and saw 3 of its levels.

You collected 146 gold pieces.

Inventory:

Hand Weapons
 m - a +2 trident of protection
Armour
 a - a +0 robe
 d - a +0 helmet (worn)
 l - a +0 ring mail (worn)
Jewellery
 f - a +6 ring of dexterity
Scrolls
 e - a scroll of magic mapping {unknown}
 g - a scroll of blinking {unknown}
 h - 2 scrolls of identify {unknown}
 i - a scroll of vulnerability {unknown}
 j - a scroll of poison {unknown}
 k - 3 scrolls of teleportation {unknown}
Potions
 b - a potion of magic
 c - 3 potions of heal wounds {unknown}
 n - a potion of curing {unknown}


   Skills:
 - Level 1.7 Dodging
 - Level 1.7 Stealth
 + Level 2.7 Spellcasting
 + Level 4.3 Conjurations


You had 4 spell levels left.
You knew the following spells:

 Your Spells              Type           Power      Damage    Failure   Level
a - Magic Dart            Conj           92%        1d7       6%          1
b - Searing Ray           Conj           46%        2d6       9%          2

Your spell library contained the following spells:

 Spells                   Type           Power      Damage    Failure   Level
 Dazzling Flash           Conj/Hex       26%        N/A       38%         3
 Cigotuvi's Dreadful Rot  Necr/Pois/Air  6%         N/A       45%         2
 Ignite Poison            Fire/Tmut/Pois 3%         N/A       71%         3
 Fulminant Prism          Conj/Hex       6%         3d7       80%         4
 Iskenderun's Mystic Bla  Conj/Tloc      13%        2d5       80%         4
 Iskenderun's Battlesphe  Conj           23%        2d8       86%         5
 Fireball                 Conj/Fire      6%         3d5       98%         5
 Freezing Cloud           Conj/Ice/Air   5%         6-21      99%         5
 Conjure Ball Lightning   Conj/Air       6%         3x3d6     100%        6
 Orb of Destruction       Conj           11%        9d6       100%        7


Dungeon Overview and Level Annotations

Branches:
Dungeon (3/15)


Innate Abilities, Weirdness & Mutations

You have an increased reservoir of magic. (+10% MP)
You shall have no god before yourself.
Your divine heritage dramatically boosts your attributes as you level up.


Message History

The ball python attacks as you move away!
The ball python completely misses you. The ball python barely misses you.
The ball python barely misses you. The ball python closely misses you.
The ball python closely misses you. The ball python barely misses you.
Casting: Magic Dart (safe; 6% risk of failure)
Confirm with . or Enter, or press ? or * to list all spells.
Aiming: Searing Ray (safe; 9% risk of failure)
Press: ? - help, Shift-Dir - straight line, f - ball python
Aim: a ball python (75% to hit)
The searing ray hits the ball python.
You kill the ball python! (Press . to maintain the ray.) Unknown command.
You now have 7/9 mp.
You now have 6/9 mp.
The searing ray hits something.
You now have 5/9 mp.
The searing ray hits something!
You finish channelling your searing ray.
Something hits you.
You take 2 damage, and have 14/26 hp.
You now have 4/9 mp.
You hear some strange, mumbled words.
You are confused.
You're too confused to cast spells.
You barely miss something.
You bump into the rock wall.
The orc shouts!
You're too confused to move!
The orc drinks a potion.
The orc seems to grow stronger.
Something hits you.
The orc hits you from afar with a +0 trident.
You take 4 damage, and have 12/26 hp.
You closely miss something. The orc completely misses you. Something hits you.
* * * LOW HITPOINT WARNING * * *
The orc hits you from afar with a +0 trident.
* * * LOW HITPOINT WARNING * * *
You take 8 damage, and have 4/26 hp.
MASSIVE DAMAGE!!
You bump into the rock wall.
You feel less confused. The orc hits you with a +0 short sword.
You die...

..###.(##.###_ #..##..#
#. ##.###.## #. #..#
#.# #. #.####.##### #.#
#....... ####.#
#.'##### ####....#
#.#..... ######@...####
#.#⌠.... #.ooo.o####
#)#.._..
#.##############.#⌠....
###.#
#...<..^....######
#...# ###....###.###...
#.### ####..#.)##....
#o #####.....##... #o
####..........#8.. ..
#....#####.....(..


You could see 4 orcs.

Vanquished Creatures
  2 worms
  2 orcs (D:3)
  A giant cockroach (D:2)
  6 goblins
  9 hobgoblins
  5 ball pythons
  4 bats
  4 frilled lizards
  5 kobolds
  4 rats
42 creatures vanquished.

Notes
Turn   | Place    | Note
-------+----------+-------------------------------------------
     0 | D:1      | spardeous the Demigod Conjurer began the quest for the Orb.
     0 | D:1      | Reached XP level 1. HP: 14/14 MP: 5/5
   441 | D:1      | Reached XP level 2. HP: 20/20 MP: 3/7
   981 | D:1      | Learned a level 2 spell: Searing Ray
  1036 | D:2      | Reached skill level 4 in Conjurations
  1977 | D:3      | Reached XP level 3. HP: 26/26 MP: 6/9
  2502 | D:3      | Slain by an orc

Illustrated notes

Levels and vault maps discovered:
D:1:      zelgadis_glass_arrival_small, layout_loops_ring
D:2:      layout_loops_ring, shapermc_ecumenical_altar_totnotflames
D:3:      layout_rooms, overflow_temple_1_default, jmf_multi_god_temple

Skill      XL: |  1  2 |
---------------+-------+-----
Spellcasting   | 2 |  2.7
Conjurations   | 4 |  4.3
Dodging        | |  1.7
Stealth        | |  1.7

Action                     || total
---------------------------++-------
  Melee: Unarmed           ||     2
   Cast: Magic Dart        ||    81
         Searing Ray       ||     3
 Armour: Robe              ||     1
         Ring mail         ||     4
  Dodge: Dodged            ||     9
